Map: Emerald City CE

Players

xBenx

  • Race: Zerg Zerg
  • League: Gold
  • Spawn Location: 11:00

WarpigxxxL

  • Race: Zerg Zerg
  • Spawn Location: 11:00

Redrock - Winner!

  • Race: Protoss Protoss
  • League: Silver
  • Spawn Location: 5:00

Sundog - Winner!

  • Race: Zerg Zerg
  • League: Gold
  • Spawn Location: 5:00

VOD

Have the link to the VOD?

Description

WarpigxxxL, xBenx vs Sundog, Redrock

Time

  • Played on: April 10, 2024, 6 p.m.
  • Length: 15:19
Show
View Real Time Build Order
Export as new Build Order

xBenx Zerg 

Build Orders: Hatch First 

Get SALT Encoding   

  12  0:02  Drone  
  13  0:18  Overlord  
  13  0:24  Drone  
  14  0:37  Drone x2  
  14  0:40  Drone  
  17  0:52  Drone  
  18  1:02  Drone  
  18  1:03  Hatchery  
  18  1:24  Drone x2  
  20  1:32  Spawning Pool  
  19  1:34  Extractor  
  19  1:36  Extractor  
  17  1:49  Drone  
  17  1:50  Drone  
  19  2:08  Drone x2  
  21  2:16  Drone  
  21  2:18  Drone  
  23  2:27  Drone  
  24  2:30  Drone  
  25  2:37  Overlord  
  25  2:49  Extractor, Drone  
  25  2:50  Drone x2  
  27  3:09  Zergling x6  
  30  3:14  Drone  
  30  3:17  Hatchery  
  30  3:18  Lair  
  30  3:21  Extractor, Drone x2  
  31  3:45  Drone x2, Queen  
  31  3:46  Drone  
  36  3:49  Extractor, Overlord  
  35  4:00  Drone  
  36  4:05  Overlord x2  
  36  4:11  Drone  
  36  4:37  Roach Warren, Hydralisk Den, Queen  
  36  4:39  Pneumatized Carapace  
  36  4:40  Drone x3  
  36  4:45  Drone x2, Queen  
  41  4:46  Grooved Spines  
  41  4:47  Drone x3  
  46  5:01  Overlord  
  46  5:03  Overlord  
  46  5:06  Overlord  
  46  5:09  Drone  
  46  5:11  Drone x3  
  46  5:12  Drone  
  52  5:14  Drone x2  
  53  5:34  Overlord x2  
  53  5:37  Spore Crawler  
  53  5:39  Spine Crawler  
  51  5:48  Zergling x4  
  51  5:49  Roach x4, Zergling x8  
  61  6:03  Spore Crawler  
  59  6:05  Spore Crawler  
  57  6:17  Roach x2, Zergling x6  
  64  6:19  Queen  
Show
View Real Time Build Order
Export as new Build Order

WarpigxxxL Zerg 

Build Orders: Hatch First 

Get SALT Encoding   

  12  0:06  Drone  
  13  0:08  Drone  
  14  0:17  Overlord  
  14  0:45  Drone  
  14  0:46  Hatchery  
  14  0:51  Drone  
  14  0:54  Drone  
  16  0:59  Drone  
  17  1:17  Spawning Pool  
  17  1:18  Drone  
  17  1:21  Drone  
  18  1:42  Drone x2  
  20  1:49  Extractor  
  20  1:50  Drone  
  20  2:07  Drone x2  
  22  2:17  Drone x2  
  24  2:23  Drone x2  
  24  2:26  Spine Crawler  
  25  2:33  Extractor  
  24  2:38  Drone x2  
  24  2:39  Roach Warren  
  25  2:50  Drone x2  
  27  2:56  Drone  
  28  2:58  Overlord  
  28  3:06  Overlord x2  
  28  3:10  Lair  
  28  3:13  Metabolic Boost  
  28  3:20  Roach  
  28  3:22  Zergling x2  
  31  3:38  Spine Crawler  
  31  3:39  Drone x3  
  31  3:40  Drone  
  34  3:51  Drone  
  34  3:52  Drone  
  34  3:53  Evolution Chamber  
  34  3:55  Evolution Chamber  
  34  3:59  Extractor  
  34  4:10  Drone  
  34  4:12  Drone x3  
  37  4:20  Zerg Melee Weapons Level 1  
  37  4:21  Infestation Pit  
  36  4:24  Hatchery  
  36  4:29  Roach x2  
  39  4:41  Zerg Ground Armor Level 1  
  39  4:46  Drone  
  39  4:47  Drone x3  
  39  4:50  Drone  
  44  4:54  Drone  
  44  4:58  Hive  
  45  5:04  Drone x2  
  47  5:10  Overseer  
  47  5:20  Drone x2  
  49  5:30  Drone x2  
  51  5:37  Extractor  
  51  5:39  Drone x3  
  52  5:55  Roach x3  
  56  6:03  Roach  
  57  6:04  Overlord x2  
  57  6:17  Overlord x2  
  57  6:18  Overlord x2  
  53  6:27  Ultralisk Cavern  
  53  6:28  Zergling x6  
  51  6:43  Spine Crawler  
  51  6:44  Spine Crawler x3  
  51  6:45  Spine Crawler  
  51  6:46  Roach x4  
  47  7:04  Roach x4  
  47  7:05  Roach x3  
  61  7:19  Roach x3  
  61  7:21  Ultralisk  
  71  7:24  Ultralisk  
  73  7:32  Ultralisk  
  73  7:33  Zergling x2  
  58  7:38  Zergling x2  
  58  7:39  Zergling x2  
  58  7:42  Zergling x2  
  57  7:58  Ultralisk  
  58  7:59  Zergling x2  
  58  8:00  Zergling x2  
  51  8:13  Zergling x6  
  14  8:38  Zergling x8  
  7  9:09  Drone x3  
Show
View Real Time Build Order
Export as new Build Order

Redrock Protoss - Winner!

Build Orders:  

Get SALT Encoding   

  12  0:02  Probe (Chrono Boost)  
  13  0:12  Probe (Chrono Boost)  
  14  0:17  Probe (Chrono Boost)  
  15  0:23  Pylon  
  15  0:41  Probe  
  16  0:43  Gateway  
  16  0:53  Probe  
  17  1:01  Pylon  
  17  1:05  Probe (Chrono Boost)  
  18  1:12  Assimilator  
  18  1:16  Probe (Chrono Boost)  
  19  1:21  Probe (Chrono Boost)  
  20  1:32  Forge, Probe  
  21  1:41  Cybernetics Core  
  21  1:45  Probe  
  22  2:04  Nexus  
  22  2:17  Gateway  
  22  2:25  Photon Cannon  
  22  2:34  Stalker  
  24  2:40  Probe  
  25  2:51  Assimilator  
  25  2:52  Probe  
  25  2:58  Gateway  
  26  3:04  Probe  
  27  3:05  Stalker  
  27  3:06  Zealot  
  31  3:17  Probe (Chrono Boost)  
  32  3:28  Probe (Chrono Boost)  
  32  3:33  Stalker  
  35  3:35  Zealot, Probe (Chrono Boost)  
  35  3:36  Probe (Chrono Boost)  
  38  3:47  Warp Gate  
  38  3:48  Twilight Council  
  38  4:04  Pylon  
  38  4:13  Shield Battery  
  38  4:16  Probe (Chrono Boost)  
  39  4:17  Zealot x2  
  39  4:23  Probe (Chrono Boost)  
  44  4:28  Probe (Chrono Boost)  
  45  4:37  Zealot, Probe (Chrono Boost)  
  48  4:44  Zealot  
  50  4:47  Gateway  
  50  4:48  Pylon  
  50  4:58  Protoss Ground Weapons Level 1  
  50  5:05  Probe x2  
  52  5:09  Zealot  
  54  5:16  Pylon  
  54  5:17  Probe (Chrono Boost)  
  54  5:21  Stargate  
  55  5:36  Stalker  
  57  5:58  Zealot x2  
  61  6:21  Zealot  
  61  6:22  Zealot x2  
  61  6:23  Probe  
  64  6:31  Gateway  
  60  7:00  Charge  
  60  7:01  Phoenix  
  60  7:07  Pylon x2  
  62  7:09  Pylon  
  62  7:10  Stalker  
  62  7:11  Stalker x3  
  70  7:16  Pylon  
  70  7:17  Pylon  
  70  7:21  Gateway  
  70  7:24  Gateway  
  70  7:26  Phoenix  
  72  7:38  Protoss Shields Level 1  
  72  7:45  Zealot x4  
  80  7:51  Phoenix  
  74  8:26  Zealot x3  
  78  8:27  Zealot  
  80  8:47  Robotics Facility  
  80  8:49  Zealot x4, Robotics Facility  
  84  9:24  Zealot  
  84  9:25  Zealot x3  
  88  9:36  Void Ray  
  88  9:43  Immortal  
  88  9:44  Immortal  
  96  9:58  Zealot x3  
Show
View Real Time Build Order
Export as new Build Order

Sundog Zerg - Winner!

Build Orders: Hatch First 

Get SALT Encoding   

  12  0:02  Drone  
  13  0:19  Overlord  
  13  0:28  Drone  
  14  0:38  Drone  
  14  0:39  Drone  
  16  0:55  Hatchery  
  16  0:56  Drone  
  16  1:10  Spawning Pool  
  15  1:13  Extractor  
  15  1:14  Drone  
  15  1:24  Drone x2  
  17  1:37  Drone  
  17  1:38  Drone  
  19  1:50  Drone  
  20  1:55  Extractor  
  20  1:59  Zergling x2  
  20  2:05  Roach Warren  
  19  2:10  Drone x2  
  21  2:19  Overlord  
  21  2:20  Overlord  
  21  2:35  Queen  
  23  2:37  Queen  
  23  2:43  Drone x2  
  27  2:46  Drone  
  28  2:57  Roach x2  
  32  3:02  Roach  
  34  3:09  Drone  
  34  3:11  Drone  
  36  3:28  Roach x3  
  36  3:29  Roach  
  44  3:38  Lair  
  44  4:08  Overlord x2  
  44  4:09  Overlord x2  
  44  4:26  Drone  
  44  4:27  Drone x5  
  49  4:44  Glial Reconstitution  
  49  4:47  Drone x4  
  49  4:48  Drone x2  
  55  4:57  Roach  
  57  5:07  Extractor x2  
  56  5:08  Roach  
  56  5:09  Roach x4  
  65  5:25  Spine Crawler  
  65  5:26  Spine Crawler  
  65  5:27  Roach  
  65  5:28  Roach x3  
  71  5:35  Overlord x3  
  71  6:01  Roach  
  71  6:02  Roach x6  
  75  7:35  Roach x9  
  89  8:02  Hatchery  
  66  9:35  Drone  
  66  9:36  Drone x14  
  79  10:42  Queen  
  79  10:43  Extractor  
  79  10:44  Extractor  
Tags
 
Add a new tag
Caveats
  • Supply blocks, unpowered buildings, or Contaminate may cause inaccurate times.
  • Supply counts are checked every 10 seconds.